 Dungeon Crawl Stone Soup version 0.24.0-125-gc4c63601f3 (webtiles) character file.

Game seed: 689926705580358661, levelgen mode: deterministic

2277 IcyS the Stinger (level 9, 28/59 HPs)
             Began as an Octopode Venom Mage on Mar 19, 2020.
             Was an Initiate of Gozag.
             Quit the game on level 6 of the Dungeon on Mar 20, 2020.
             The game lasted 00:35:24 (10095 turns).

IcyS the Stinger (Octopode Venom Mage)             Turns: 10095, Time: 00:35:25

Health: 28/59      AC:  1    Str:  7    XL:     9   Next: 39%
Magic:  15/17      EV: 14    Int: 20    God:    Gozag
Gold:   620        SH:  6    Dex: 13    Spells: 13/19 levels left

rFire    . . .     SeeInvis +   o - +4 war axe
rCold    . . .     Gourm    .   y - +1 buckler
rNeg     . . .     Faith    .   (helmet restricted)
rPois    .         Spirit   +   m - amulet of guardian spirit
rElec    .         Reflect  .   r - ring of see invisible
rCorr    .         Harm     .   g - ring of protection from magic
MR       +....                  (no ring)
Stlth    +++.......             (no ring)
HPRegen  0.19/turn              (no ring)
MPRegen  0.15/turn              (no ring)
                                (no ring)
                                (no ring)

@: lightly drained
A: almost no armour, stealthy swim, amphibious, 8 rings, constrict 8, camouflage
1, gelatinous body 1
a: Potion Petition, Call Merchant, Bribe Branch, Renounce Religion


You were on level 6 of the Dungeon.
You worshipped Gozag.
Gozag was pleased with you.
You were hungry.

You visited 2 branches of the dungeon, and saw 7 of its levels.

You collected 686 gold pieces.
You paid 66 gold pieces to Gozag.

Inventory:

Hand Weapons
 e - a +0 hunting sling
 h - a +0 trident
 j - a +0 hand axe of flaming
 o - a +4 war axe (weapon)
 u - a +0 quarterstaff
 z - a +4 dagger
 A - a +2 spear of piercing
Missiles
 a - 313 stones
 p - 6 boomerangs (quivered)
 v - 31 poisoned darts
 D - a throwing net
Armour
 y - a +1 buckler (worn)
Jewellery
 g - a ring of protection from magic (right tentacle)
 m - an amulet of guardian spirit (around mantle)
 r - a ring of see invisible (left tentacle)
Wands
 E - a wand of enslavement (6)
Scrolls
 c - a scroll of blinking
 n - 4 scrolls of enchant weapon
 q - 2 scrolls of enchant armour
 t - a scroll of remove curse
 B - a scroll of immolation {unknown}
 F - 2 scrolls of identify
 G - a scroll of teleportation
Potions
 d - 4 potions of haste
 f - a potion of flight {unknown}
 i - a potion of degeneration {unknown}
 k - 2 potions of resistance {unknown}
 l - 3 potions of curing {unknown}
 s - 2 potions of might {unknown}
 w - a potion of heal wounds {unknown}
 x - 2 potions of lignification {unknown}
 C - a potion of brilliance {unknown}
Comestibles
 b - 7 rations


   Skills:
 + Level 4.5(4.0) Fighting
 * Level 3.5(3.1) Axes
 + Level 3.2(2.8) Dodging
 - Level 3.0(2.6) Stealth
 - Level 4.0(3.6) Shields
 + Level 5.6(5.1) Spellcasting
 - Level 4.1(3.7) Conjurations
 - Level 4.0(3.6) Air Magic
 - Level 6.1(5.6) Poison Magic


You had 13 spell levels left.
You knew the following spells:

 Your Spells              Type           Power        Failure   Level  Hunger
a - Sting                 Conj/Pois      ###.         1%          1    None
b - Poisonous Vapours     Pois/Air       ###...       2%          2    None
c - Mephitic Cloud        Conj/Pois/Air  ###.....     6%          3    ##.....

Your spell library contained the following spells:

 Spells                   Type           Power        Failure   Level  Hunger
 Animate Skeleton         Necr           N/A          12%         1    None
 Apportation              Tloc           #.....       12%         1    None
 Confusing Touch          Hex            #.....       12%         1    None
 Summon Small Mammal      Summ           #...         12%         1    None
 Olgreb's Toxic Radiance  Pois           ####....     12%         4    ####...
 Venom Bolt               Conj/Pois      ###.......   43%         5    #####..


Dungeon Overview and Level Annotations

Branches:
Dungeon (6/15)             Temple (1/1) D:5

Altars:
Ashenzari
Cheibriados
Dithmenos
Elyvilon
Fedhas
Gozag
Hepliaklqana
Kikubaaqudgha
Makhleb
Nemelex Xobeh
Okawaru
Qazlal
Ru
Sif Muna
Trog
Uskayaw
Vehumet
Xom
Zin
The Shining One

Shops:
D:6 =


Innate Abilities, Weirdness & Mutations

You cannot wear most types of armour.
You are very stealthy in the water. (Stealth+)
You are amphibious.
You can wear up to eight rings at the same time.
You can use your tentacles to constrict eight enemies at once.
Your skin changes colour to match your surroundings (Stealth+).
Your rubbery body absorbs attacks. (AC +1, EV +1)


Message History

You slash the orc!
You kill the orc!
You now have 607 gold pieces (gained 18).
Items here: )))) [[
Items here: )))) [[ You now have 615 gold pieces (gained 8).
Things that are here:
a +0 dagger; a +0 robe You now have 620 gold pieces (gained 5).
Things that are here:
a +0 dagger; a +0 robe
Items here: )))) [[ You see here a club.
You are feeling hungry.
Found a stone staircase leading down.
Done exploring.
Done exploring.
Done exploring.
Done exploring.
Are you sure you want to abandon this character and quit the game? (Confirm with "yes".)

#>......###### #
#.##.#.......# #
#.##.#.......####
#.##............#
#.####.......##.#
#.# #.......##..
#.# #.......##..
###.########.####..
#.@...........# #.)
#...........#.# #..
#...........#.# #..
#...........#.###..
#..................
#...........##..#.#
#...........##....#
#.................)
#...........###.#.#


There were no monsters in sight!

Vanquished Creatures
  Menkaure (D:5)
  4 orc warriors (D:6)
  3 sky beasts
  Purgy (D:2)
  A phantom (D:4)
  3 ogres
  2 bullfrogs (D:6)
  4 wights (D:6)
  A bullfrog zombie (D:6)
  2 hounds
  2 orc priests
  7 orc wizards
  A bullfrog skeleton (D:4)
  3 worker ants
  The ghost of mora the Covered, a weakling MiFi (D:3)
  A hound skeleton (D:5)
  3 gnolls (D:5)
  12 adders
  An ooze (D:1)
  2 adder zombies
  6 worms
  3 leopard geckos
  17 orcs
  7 giant cockroaches
  14 goblins
  16 hobgoblins
  4 jackals (D:3)
  2 quokkas (D:2)
  3 ball pythons
  7 bats
  5 frilled lizards
  13 kobolds
  A leopard gecko skeleton (D:4)
  A quokka skeleton (D:3)
  4 rats
158 creatures vanquished.

Notes
Turn   | Place    | Note
-------+----------+-------------------------------------------
     0 | D:1      | IcyS the Octopode Venom Mage began the quest for the Orb.
     0 | D:1      | Reached XP level 1. HP: 11/11 MP: 3/3
   434 | D:1      | Reached XP level 2. HP: 17/17 MP: 3/5
   438 | D:1      | Learned a level 2 spell: Poisonous Vapours
   951 | D:1      | Reached skill level 1 in Air Magic
   968 | D:1      | Reached XP level 3. HP: 21/21 MP: 0/6
  1062 | D:1      | Reached skill level 4 in Poison Magic
  1993 | D:2      | Learned a level 3 spell: Mephitic Cloud
  2329 | D:2      | Reached XP level 4. HP: 25/27 MP: 0/7
  2728 | D:2      | Found a bloodstained altar of Trog.
  3700 | D:3      | Reached XP level 5. HP: 26/31 MP: 4/9
  3893 | D:3      | Noticed Purgy
  3995 | D:2      | Killed Purgy
  3995 | D:2      | Reached skill level 1 in Shields
  4096 | D:3      | Reached XP level 6. HP: 32/36 MP: 1/10
  4430 | D:3      | Found a sacrificial altar of Ru.
  4519 | D:3      | Found a blossoming altar of Fedhas.
  4575 | D:3      | Found a runed translucent door.
  4580 | D:3      | Noticed mora's ghost (weakling MiFi)
  5018 | D:3      | Killed mora's ghost
  5747 | D:4      | Reached skill level 5 in Poison Magic
  5747 | D:4      | Reached XP level 7. HP: 41/41 MP: 0/11
  6460 | D:5      | Entered Level 5 of the Dungeon
  6460 | D:5      | Found a staircase to the Ecumenical Temple.
  6621 | Temple   | Entered the Ecumenical Temple
  6827 | Temple   | Became a worshipper of Gozag Ym Sagoz the Greedy
  7116 | D:4      | Reached XP level 8. HP: 15/47 MP: 3/13
  7699 | D:5      | Found a sacrificial altar of Ru.
  7748 | D:5      | Reached skill level 1 in Fighting
  7982 | D:5      | Noticed Menkaure
  7988 | D:5      | Killed Menkaure
  7988 | D:5      | Reached skill level 6 in Poison Magic
  8737 | D:6      | Reached skill level 5 in Spellcasting
  8924 | D:6      | Reached skill level 1 in Axes
  9030 | D:6      | Reached XP level 9. HP: 58/58 MP: 9/16
  9576 | D:6      | Found Riptawno's Jewellery Boutique.
 10095 | D:6      | Quit the game

Levels and vault maps discovered:
D:1:      dpeg_arrival_stone_temple_mockup, layout_basic
D:2:      layout_loops_corners, lemuel_round_altar
D:3:      layout_rooms, lemuel_round_altar, first_ration,
          ebering_ghost_reflecting_pool, fedhas_altar_fruit_tree, uniq_purgy
D:4:      layout_basic, minivault_27, dk_noncrumbling_3
D:5:      layout_basic, minmay_temple_entry_wispy, amethyst_killhole,
          nicolae_ru_sacrificial_ziggurat, uniq_menkaure
D:6:      corexii_shack_village, layout_basic, serial_shops,
          nicolae_shop_window_shopping
Temple:   dpeg_five_rooms_temple

Skill      XL: |  1  2  3  4  5  6  7  8  9 |
---------------+----------------------------+-----
Stealth        | 3 |  3.0
Air Magic      | 1 2 3 4 |  4.0
Poison Magic   | 4 5 6 |  6.1
Conjurations   | 2 3 4 |  4.1
Shields        | 1 2 4 |  4.0
Spellcasting   | 3 5 |  5.6
Fighting       | 3 4 |  4.5
Axes           | 1 3 |  3.5
Dodging        | 3 |  3.2

Action                   |  1- 3 |  4- 6 |  7- 9 || total
-------------------------+-------+-------+-------++-------
Melee: War axe           |       |    55 |   129 ||   184
       Constrict         |       |     9 |    23 ||    32
       Tentacles         |       |     6 |    17 ||    23
       Hand axe          |       |       |    15 ||    15
 Fire: Hunting sling     |    57 |    16 |       ||    73
Throw: Stone             |       |     1 |       ||     1
       Boomerang         |       |     5 |    15 ||    20
 Cast: Sting             |     4 |     1 |       ||     5
       Poisonous Vapours |    37 |    58 |    59 ||   154
       Mephitic Cloud    |       |     3 |       ||     3
  Use: Scroll            |       |     6 |     2 ||     8
 Stab: Sleeping          |       |     2 |     7 ||     9
  Eat: Chunk             |     7 |    10 |     1 ||    18
       Ration            |       |     1 |     4 ||     5
Armor: Skin              |     1 |     2 |     4 ||     7
Dodge: Dodged            |    13 |    42 |    91 ||   146
Block: Buckler           |       |     9 |    48 ||    57
